 Dungeon Crawl Stone Soup version 0.27.1-3-gb3d3a73c9e (webtiles) character file.

Game seed: 10570426369799021512

60 barney the Changer (level 3, -5/28 HPs)
             Began as a Draconian Transmuter on Oct 5, 2021.
             Slain by a two-headed ogre (glowing shapeshifter) (10 damage)
             ... on level 3 of the Dungeon.
             The game lasted 00:01:32 (2413 turns).

barney the Changer (Draconian Transmuter)           Turns: 2413, Time: 00:01:32

Health: -5/28      AC:  2    Str: 18    XL:     3   Next: 80%
Magic:  3/6        EV: 19    Int: 14    God:
Gold:   78         SH:  0    Dex: 16    Spells: 0/6 levels left

rFire    . . .     SeeInvis .     - Unarmed
rCold    . . .     Faith    .   (shield currently unavailable)
rNeg     . . .     Spirit   .   (armour unavailable)
rPois    x         Reflect  .   (helmet currently unavailable)
rElec    .         Harm     .   (cloak currently unavailable)
rCorr    .         Rampage  .   (gloves currently unavailable)
Will     .....                  (boots currently unavailable)
Stlth    +.........             (no amulet)
HPRegen  0.09/turn              k - +6 ring of strength
MPRegen  0.10/turn              (no ring)

@: spider-form
A: venomous fangs, AC +5, tiny, unfitting armour, (cold-blooded)
a: End Transformation


You were on level 3 of the Dungeon.
You were a venomous arachnid creature.
You visited 1 branch of the dungeon, and saw 3 of its levels.

You collected 78 gold pieces.

Inventory:

Hand Weapons
 i - a +2 quarterstaff of chaos (melded)
Armour
 j - a +2 cloak of willpower (melded)
Jewellery
 k - a +6 ring of strength (left front leg)
Scrolls
 a - a scroll of fog {unknown}
 c - a scroll of blinking {unknown}
 d - a scroll of identify {unknown}
 e - a scroll of fear {unknown}
 h - a scroll of teleportation {unknown}
Potions
 b - 2 potions of cancellation {unknown}
 f - a potion of flight {unknown}
 g - a potion of brilliance {unknown}


   Skills:
 - Level 1.1 Fighting
 - Level 1.7 Dodging
 - Level 3.0 Unarmed Combat
 - Level 2.0 Spellcasting
 + Level 4.2 Transmutations


You couldn't memorise any spells.
You knew the following spells:

 Your Spells              Type           Power      Damage    Failure   Level
a - Beastly Appendage     Tmut           26%        N/A       13%         1
b - Spider Form           Tmut/Pois      3%         N/A       52%         3
c - Wereblood             Tmut           13%        N/A       17%         2

Your spell library contained the following spells:

 Spells                   Type           Power      Damage    Failure   Level
 Sublimation of Blood     Necr           0%         N/A       56%         2
 Ice Form                 Ice/Tmut       7%         N/A       86%         4
 Petrify                  Tmut/Erth      7%         N/A       86%         4
 Irradiate                Conj/Tmut      3%         3d14      99%         5


Dungeon Overview and Level Annotations

Branches:
Dungeon (3/15)

Altars:


Innate Abilities, Weirdness & Mutations

You are a venomous arachnid creature.
You have poisonous fangs.
You are tiny and dextrous.
Your spellcasting is less reliable in this form.
Your armour is entirely melded.
You are incapable of wielding weapons or throwing items.
((Your plain brown scales are hard. (AC +5)))
You cannot fit into any form of body armour.
((You are cold-blooded and may be slowed by cold attacks.))


Message History

You hit the two-headed ogre.
The two-headed ogre is lightly wounded.
The two-headed ogre hits you! The two-headed ogre hits you.
You thump the two-headed ogre! You burn the two-headed ogre.
The two-headed ogre is moderately wounded.
The two-headed ogre barely misses you.
The two-headed ogre hits you but does no damage.
You barely miss the two-headed ogre.
You tail-slap the two-headed ogre, but do no damage.
The two-headed ogre is moderately wounded.
The two-headed ogre hits you but does no damage. x2
A two-headed ogre is nearby!
Okay, then.
Casting: Beastly Appendage (safe; 4% risk of failure)
Confirm with . or Enter, or press ? or * to list all spells.
The spell is extremely dangerous to cast (30% risk of failure)!
Continue anyway?
You turn into a venomous arachnid creature.
Your +2 quarterstaff of chaos melds into your body.
Your +2 cloak of willpower melds into your body.
You feel less strong-willed.
Unknown command.
You hit the two-headed ogre but do no damage.
The two-headed ogre is poisoned.
The two-headed ogre is moderately wounded.
The two-headed ogre barely misses you. The two-headed ogre closely misses you.
You hit the two-headed ogre.
The two-headed ogre is heavily wounded.
The two-headed ogre hits you. The two-headed ogre barely misses you.
You bite the two-headed ogre!
The two-headed ogre is heavily wounded.
You hit the two-headed ogre.
The two-headed ogre looks as sick as possible!
The two-headed ogre is severely wounded.
The two-headed ogre hits you. The two-headed ogre hits you!
* * * LOW HITPOINT WARNING * * *
You hit the two-headed ogre.
The two-headed ogre looks as sick as possible!
The two-headed ogre is severely wounded.
The two-headed ogre hits you!
You die...

#......<....#
..#...####..#
##.#####..###
............# #
#########.##.#.#
#.##.#.# #.##...
#.##.####.##
#...sO......
####.####.## #.#
#.# ..# #.# #.#
#..


You could see a two-headed ogre shaped shifter (extremely poisoned).

Vanquished Creatures
  Crazy Yiuf (D:2)
  A dart slug (D:2)
  5 endoplasms
  2 giant cockroaches
  3 hobgoblins
  4 kobolds
  A quokka (D:1)
  2 bats (D:2)
  2 frilled lizards (D:2)
  4 goblins
  3 rats
28 creatures vanquished.

Notes
Turn   | Place    | Note
-------+----------+-------------------------------------------
     0 | D:1      | barney the Draconian Transmuter began the quest for the
                  | Orb.
     0 | D:1      | Reached XP level 1. HP: 16/16 MP: 3/3
   429 | D:1      | Reached XP level 2. HP: 16/23 MP: 5/5
   871 | D:2      | Reached skill level 3 in Transmutations
   919 | D:2      | Found a runed translucent door.
   920 | D:2      | Noticed Crazy Yiuf
  1212 | D:2      | Found a faded altar of an unknown god.
  1383 | D:2      | Reached XP level 3. HP: 24/28 MP: 4/6
  1387 | D:2      | Learned a level 3 spell: Spider Form
  1390 | D:2      | Learned a level 2 spell: Wereblood
  1944 | D:2      | Killed Crazy Yiuf
  1945 | D:2      | Reached skill level 4 in Transmutations
  2404 | D:3      | Noticed a glowing shapeshifter
  2404 | D:3      | an adder changed into a glowing shapeshifter
  2404 | D:3      | Noticed a snapping turtle
  2404 | D:3      | a glowing shapeshifter changed into a snapping turtle
  2404 | D:3      | Noticed a two-headed ogre
  2404 | D:3      | a snapping turtle changed into a two-headed ogre
  2413 | D:3      | Slain by a two-headed ogre (glowing shapeshifter)

Illustrated notes

Levels and vault maps discovered:
D:1:      psy_arrival_terrarium, layout_loops_ring
D:2:      layout_basic, dreamdust_ecumenical_altar_grove,
          uniq_crazy_yiuf_cottage
D:3:      layout_loops_ring, mainiacjoe_overflow_chevrons,
          nicolae_sif_muna_condensation, kennysheep_doodads

Skill      XL: |  1  2  3 |
---------------+----------+-----
Transmutations | 3 4 |  4.2
Fighting       | |  1.1
Dodging        | |  1.7
Unarmed Combat | |  3.0
Spellcasting   | |  2.0

Action                   || total
-------------------------++-------
Melee: Unarmed           ||    82
       Tailslap          ||     6
       Kick              ||     3
       Headbutt          ||     3
       Quarterstaff      ||     5
 Cast: Beastly Appendage ||    12
       Spider Form       ||     3
Armor: Skin              ||    21
Dodge: Dodged            ||    48
